cohdb
Replays
Latest Replays
All Replays
Popular Replays
Top Player Replays
Match Explorer
How It Works
Community
CoH3 Stats
Reddit
Sign in to upload your games and track your stats! →
Sign in with Steam
Match 43781740
Unlisted
Match 43781740
Overview
Messages
Build Orders
End
Kettenkrad Recon Vehicle
Construct Infanterie Kompanie
Selects Mechanized Battlegroup
Grenadier Squad
MG 42 Machine Gun Team
GrW 34 Mortar Team
Construct Panzergrenadier Kompanie
251 Medium Carrier
Grenadier Squad
Panzergrenadier Squad
GrW 34 Mortar Team
Panzergrenadier Squad
Panzergrenadier Officer Quarters
Selects Raid Package
Selects 8 Rad Armored Car
Selects UNKNOWN (2160084)
Construct Panzer Kompanie
Panther Heavy Tank
Panzer Officer Quarters
Selects Spotting Scopes
Selects Wespe Self-propelled Artillery
Stoßtruppen Squad
Stoßtruppen Squad
Panther Heavy Tank
DondDog
SpuD_FR
Guille1944
CaptainProlo
MTranquilo
BUBBA_ACTUAL
JollyRedRockett
FlagHeros
0
0
Comments
sign in to comment!
No comments posted yet!